TOP OF THE 1ST |
---|
Penquannock Overrated Jeter batting - Pitching for Wilmington Rebels : LHP Martín Marino | Pitching: LHP Martín Marino | | Batting: RHB Phil Wright | 0-0: Called Strike 0-1: Foul Ball, location: 2F 0-2: Ground out 5-3 (Groundball, 56) | Batting: SHB Joe Emery | 0-0: Called Strike 0-1: TRIPLE (Flyball, 7D) | Batting: LHB Eric Powell | 0-0: Called Strike 0-1: Foul Ball, location: 2F 0-2: Foul Ball, location: 2F 0-2: Ball 1-2: Ball 2-2: Foul Ball, location: 2F 2-2: Strikes out swinging | Batting: SHB Cristián López | 0-0: Ball 1-0: Called Strike 1-1: Fly out, F9 (Flyball, 89M) | Top of the 1st over - 0 runs, 1 hit, 0 errors, 1 left on base; Penquannock 0 - Wilmington 0 | BOTTOM OF THE 1ST |
---|
Wilmington Rebels batting - Pitching for Penquannock Overrated Jeter : RHP Dave Funk | Pitching: RHP Dave Funk | | Batting: LHB Miguel Medellín | 0-0: Ball 1-0: Ball 2-0: Ball 3-0: Base on Balls | Batting: RHB Marlon Hernández | 0-0: Ball 1-0: SINGLE (Line Drive, 9S) Miguel Medellín to second | Batting: LHB Guillermo Santos | 0-0: DOUBLE (Groundball, 3L) Miguel Medellín scores Marlon Hernández to third | Batting: LHB Juan Vásquez | 0-0: Ball 1-0: Ground out 5-3 (Groundball, 56) Marlon Hernández scores | Batting: LHB Marv Alexander | 0-0: Ball 1-0: SINGLE (Line Drive, 8LS) Guillermo Santos to third | Batting: RHB Eugene Allen | 0-0: Ball 1-0: Ball 2-0: SINGLE (Groundball, 56) (infield hit) Guillermo Santos scores Marv Alexander to second | Batting: LHB Ivan Costello | 0-0: Foul Ball, location: 2F 0-1: Foul Ball, location: 2F 0-2: Ball 1-2: Strikes out swinging | Batting: RHB León Gómez | 0-0: Called Strike 0-1: Called Strike 0-2: Ball 1-2: Foul Ball, location: 2F 1-2: Ball 2-2: Ball 3-2: Base on Balls Marv Alexander to third Eugene Allen to second | Batting: RHB José Fajardo | 0-0: Ball 1-0: Called Strike 1-1: Swinging Strike 1-2: Foul Ball, location: 2F 1-2: SINGLE (Groundball, 34D) Marv Alexander scores Eugene Allen to third León Gómez to second Runner from 3rd tries for Home, SAFE, no throw | Batting: LHB Miguel Medellín | 0-0: Swinging Strike 0-1: Ball 1-1: Fly out, F8 (Flyball, 8LS) | Bottom of the 1st over - 5 runs, 5 hits, 0 errors, 2 left on base; Penquannock 0 - Wilmington 5 | TOP OF THE 2ND |
---|
Penquannock Overrated Jeter batting - Pitching for Wilmington Rebels : LHP Martín Marino | Batting: SHB Tim Reid | 0-0: Called Strike 0-1: Ball 1-1: Ball 2-1: Ground out 4-3 (Groundball, 4S) | Batting: SHB Francisco Ávila | 0-0: Ball 1-0: Foul Ball, location: 2F 1-1: Called Strike 1-2: Ball 2-2: Ball 3-2: Foul Ball, location: 2F 3-2: Base on Balls | Batting: LHB Pepe González | 0-0: Ball 1-0: Ball 2-0: Ball 3-0: Base on Balls Francisco Ávila to second | Batting: RHB Manny Perea | 0-0: Ball 1-0: Ball 2-0: Ball 3-0: Called Strike 3-1: Base on Balls Francisco Ávila to third Pepe González to second | Batting: LHB Roberto Trujillo | 0-0: Ball 1-0: Foul Ball, location: 2F 1-1: Fly out, F9 (Flyball, 9S) | Batting: RHB Phil Wright | 0-0: Called Strike 0-1: Fielders Choice at 2nd, 5-4 (Groundball, 56) | Top of the 2nd over - 0 runs, 0 hits, 0 errors, 3 left on base; Penquannock 0 - Wilmington 5 | BOTTOM OF THE 2ND |
---|
Wilmington Rebels batting - Pitching for Penquannock Overrated Jeter : RHP Dave Funk | Batting: RHB Marlon Hernández | 0-0: Swinging Strike 0-1: Called Strike 0-2: Ball 1-2: Ball 2-2: SINGLE (Line Drive, 8RS) | Batting: LHB Guillermo Santos | 0-0: Ball 1-0: Called Strike Pickoff Throw to First - Error! E1 Marlon Hernández to second 1-1: Ball 2-1: Swinging Strike 2-2: Ball 3-2: Strikes out swinging | Batting: LHB Juan Vásquez | 0-0: DOUBLE (Line Drive, 89D) Marlon Hernández scores | Batting: LHB Marv Alexander | 0-0: Swinging Strike 0-1: Swinging Strike 0-2: Foul Ball, location: 2F 0-2: Foul Ball, location: 2F 0-2: Ball 1-2: Ball 2-2: Strikes out swinging | Batting: RHB Eugene Allen | 0-0: Called Strike 0-1: Called Strike 0-2: Ball 1-2: Strikes out swinging | Bottom of the 2nd over - 1 run, 2 hits, 1 error, 1 left on base; Penquannock 0 - Wilmington 6 | TOP OF THE 3RD |
---|
Penquannock Overrated Jeter batting - Pitching for Wilmington Rebels : LHP Martín Marino | Batting: SHB Joe Emery | 0-0: Ball 1-0: DOUBLE (Flyball, 8LXD) | Batting: LHB Eric Powell | 0-0: Ball 1-0: Swinging Strike 1-1: Ball 2-1: Ball 3-1: Foul Ball, location: 2F 3-2: Foul Ball, location: 2F 3-2: Base on Balls | Batting: SHB Cristián López | 0-0: Ball 1-0: Fly out, F9 (Flyball, 89M) | Batting: SHB Tim Reid | 0-0: Called Strike 0-1: Ball 1-1: Grounds into double play, 5-4-3 (Groundball, 56) | Top of the 3rd over - 0 runs, 1 hit, 0 errors, 1 left on base; Penquannock 0 - Wilmington 6 | BOTTOM OF THE 3RD |
---|
Wilmington Rebels batting - Pitching for Penquannock Overrated Jeter : RHP Dave Funk | Batting: LHB Ivan Costello | 0-0: Ball 1-0: Called Strike 1-1: Swinging Strike 1-2: Ball 2-2: Strikes out swinging | Batting: RHB León Gómez | 0-0: Ground out U3 (Groundball, 34) | Batting: RHB José Fajardo | 0-0: Ball 1-0: Swinging Strike 1-1: Foul Ball, location: 2F 1-2: Strikes out swinging | Bottom of the 3rd over - 0 runs, 0 hits, 0 errors, 0 left on base; Penquannock 0 - Wilmington 6 | TOP OF THE 4TH |
---|
Penquannock Overrated Jeter batting - Pitching for Wilmington Rebels : LHP Martín Marino | Batting: SHB Francisco Ávila | 0-0: Swinging Strike 0-1: Ball 1-1: Fly out, F8 (Line Drive, 78D) | Batting: LHB Pepe González | 0-0: Ball 1-0: Foul Ball, location: 2F 1-1: Ball 2-1: Fly out, F9 (Flyball, 9LD) | Batting: RHB Manny Perea | 0-0: SINGLE (Groundball, 34D) | Batting: LHB Roberto Trujillo | 0-0: Ball 1-0: Called Strike 1-1: Foul Ball, location: 2F 1-2: Strikes out looking | Top of the 4th over - 0 runs, 1 hit, 0 errors, 1 left on base; Penquannock 0 - Wilmington 6 | BOTTOM OF THE 4TH |
---|
Wilmington Rebels batting - Pitching for Penquannock Overrated Jeter : RHP Dave Funk | Batting: LHB Miguel Medellín | 0-0: Ball 1-0: Ball 2-0: Called Strike 2-1: Fly out, F8 (Flyball, 8RD) | Batting: RHB Marlon Hernández | 0-0: Ball 1-0: Ground out 5-3 (Groundball, 56S) | Batting: LHB Guillermo Santos | 0-0: Ball 1-0: Ball 2-0: Called Strike 2-1: Swinging Strike 2-2: Ball 3-2: Strikes out looking | Bottom of the 4th over - 0 runs, 0 hits, 0 errors, 0 left on base; Penquannock 0 - Wilmington 6 | TOP OF THE 5TH |
---|
Penquannock Overrated Jeter batting - Pitching for Wilmington Rebels : LHP Martín Marino | Batting: RHB Phil Wright | 0-0: Ball 1-0: DOUBLE (Line Drive, 9LD) | Batting: SHB Joe Emery | 0-0: Foul Ball, location: 2F 0-1: Ball 1-1: Ball 2-1: SINGLE (Line Drive, 6MD) Phil Wright to third Runner from 3rd tries for Home, SAFE, no throw | Batting: LHB Eric Powell | 0-0: Called Strike Joe Emery is caught stealing 2nd base 0-1: Ball 1-1: Foul Ball, location: 2F 1-2: Ground out 4-3 (Groundball, 4) | Batting: SHB Cristián López | 0-0: Ball 1-0: Ground out 5-3 (Groundball, 56) | Top of the 5th over - 1 run, 2 hits, 0 errors, 0 left on base; Penquannock 1 - Wilmington 6 | BOTTOM OF THE 5TH |
---|
Wilmington Rebels batting - Pitching for Penquannock Overrated Jeter : RHP Dave Funk | Batting: LHB Juan Vásquez | 0-0: Ball 1-0: Foul Ball, location: 2F 1-1: Ball 2-1: SINGLE (Line Drive, 78M) | Pitching: RHP Leonard Christensen | | Batting: LHB Marv Alexander | 0-0: Called Strike 0-1: Ball 1-1: Ball 2-1: Ball 3-1: DOUBLE (Flyball, 8LD) Juan Vásquez to third Runner from 3rd tries for Home, SAFE, no throw | Batting: RHB Eugene Allen | 0-0: Foul Ball, location: 2F 0-1: Ball 1-1: Ball 2-1: Fly out, F3 (Line Drive, 4) | Batting: LHB Ivan Costello | 0-0: Swinging Strike 0-1: Ball 1-1: Foul Ball, location: 2F 1-2: Ball 2-2: Ball 3-2: Foul Ball, location: 2F 3-2: Base on Balls | Batting: RHB León Gómez | 0-0: Called Strike Marv Alexander steals 3rd base 0-1: Ball 1-1: SINGLE (Groundball, 6MD) Marv Alexander scores Ivan Costello to second | Batting: RHB José Fajardo | 0-0: DOUBLE (Line Drive, 9LM) Ivan Costello scores León Gómez to third | Batting: LHB Miguel Medellín | 0-0: Ball 1-0: Foul Ball, location: 2F 1-1: Foul Ball, location: 2F 1-2: Strikes out swinging | Batting: RHB Marlon Hernández | 0-0: Ground out 5-3 (Groundball, 56) | Bottom of the 5th over - 3 runs, 4 hits, 0 errors, 2 left on base; Penquannock 1 - Wilmington 9 | TOP OF THE 6TH |
---|
Penquannock Overrated Jeter batting - Pitching for Wilmington Rebels : LHP Martín Marino | Batting: SHB Tim Reid | 0-0: Called Strike 0-1: SINGLE (Groundball, 4D) | Batting: SHB Francisco Ávila | 0-0: Ball 1-0: Foul Ball, location: 2F 1-1: Called Strike 1-2: Ball 2-2: Foul Ball, location: 2F 2-2: Strikes out swinging | Pitching: LHP Nathan Armstrong | | Batting: LHB Pepe González | 0-0: Ball 1-0: Ball 2-0: Called Strike 2-1: Foul Ball, location: 2F 2-2: DOUBLE (Line Drive, 78D) Tim Reid to third Runner from 3rd tries for Home, SAFE, throw made at trailing runner, OUT at third! | Batting: RHB Manny Perea | 0-0: Swinging Strike 0-1: Ball 1-1: Foul Ball, location: 2F 1-2: Ball 2-2: Ball 3-2: Strikes out looking | Top of the 6th over - 1 run, 2 hits, 0 errors, 0 left on base; Penquannock 2 - Wilmington 9 | BOTTOM OF THE 6TH |
---|
Wilmington Rebels batting - Pitching for Penquannock Overrated Jeter : RHP Leonard Christensen | Batting: LHB Guillermo Santos | 0-0: Called Strike 0-1: Ball 1-1: Ball 2-1: Ball 3-1: SINGLE (Groundball, 34D) | Batting: LHB Juan Vásquez | 0-0: Called Strike 0-1: Foul Ball, location: 2F 0-2: Ball 1-2: Foul Ball, location: 2F 1-2: Foul Ball, location: 2F 1-2: Ball 2-2: Ball 3-2: Fielders Choice at 2nd, 3-6 (Groundball, 34) | Batting: LHB Marv Alexander | 0-0: Called Strike Juan Vásquez steals 2nd base 0-1: Ball 1-1: Ball 2-1: Called Strike 2-2: Strikes out looking | Batting: RHB Eugene Allen | 0-0: Foul Ball, location: 2F 0-1: Ground out 6-3 (Groundball, 6) | Bottom of the 6th over - 0 runs, 1 hit, 0 errors, 1 left on base; Penquannock 2 - Wilmington 9 | TOP OF THE 7TH |
---|
Penquannock Overrated Jeter batting - Pitching for Wilmington Rebels : LHP Nathan Armstrong | Batting: LHB Roberto Trujillo | 0-0: Ball 1-0: Foul Ball, location: 2F 1-1: SINGLE (Line Drive, 4D) | Batting: RHB Phil Wright | 0-0: Called Strike 0-1: Swinging Strike 0-2: Foul Ball, location: 2F 0-2: Ball 1-2: Fielders Choice at 2nd, 4-6 (Groundball, 4) | Batting: SHB Joe Emery | 0-0: Swinging Strike 0-1: Ball 1-1: Foul Ball, location: 2F 1-2: Strikes out swinging | Batting: LHB Eric Powell | 0-0: Ball 1-0: Ball 2-0: Called Strike 2-1: Swinging Strike 2-2: Foul Ball, location: 2F 2-2: Foul Ball, location: 2F 2-2: Foul Ball, location: 2F 2-2: Foul Ball, location: 2F 2-2: Strikes out swinging | Top of the 7th over - 0 runs, 1 hit, 0 errors, 1 left on base; Penquannock 2 - Wilmington 9 | BOTTOM OF THE 7TH |
---|
Wilmington Rebels batting - Pitching for Penquannock Overrated Jeter : RHP Leonard Christensen | Batting: LHB Ivan Costello | 0-0: Called Strike 0-1: Ball 1-1: Foul Ball, location: 2F 1-2: Ball 2-2: Strikes out swinging | Batting: RHB León Gómez | 0-0: Called Strike 0-1: Ball 1-1: SINGLE (Groundball, 56) (infield hit) | Batting: RHB José Fajardo | 0-0: Grounds into double play, 5-4-3 (Groundball, 5) | Bottom of the 7th over - 0 runs, 1 hit, 0 errors, 0 left on base; Penquannock 2 - Wilmington 9 | TOP OF THE 8TH |
---|
Penquannock Overrated Jeter batting - Pitching for Wilmington Rebels : LHP Nathan Armstrong | Batting: SHB Cristián López | 0-0: Ball 1-0: Ground out 1-3 (Groundball, 13) | Batting: SHB Tim Reid | 0-0: Ground out 4-3 (Groundball, 4) | Batting: SHB Francisco Ávila | 0-0: Ball 1-0: Called Strike 1-1: Called Strike 1-2: Strikes out swinging | Top of the 8th over - 0 runs, 0 hits, 0 errors, 0 left on base; Penquannock 2 - Wilmington 9 | BOTTOM OF THE 8TH |
---|
Wilmington Rebels batting - Pitching for Penquannock Overrated Jeter : RHP Leonard Christensen | Pitching: RHP Gilbert Bright | | Batting: LHB Miguel Medellín | 0-0: Ball 1-0: Ball 2-0: Ball 3-0: Base on Balls | Batting: RHB Marlon Hernández | 0-0: Ball 1-0: Foul Ball, location: 2F 1-1: SINGLE (Groundball, 6MD) Miguel Medellín to second Runner from 2nd tries for 3rd, SAFE, no throw | Batting: LHB Guillermo Santos | 0-0: Ball 1-0: Ball 2-0: Called Strike 2-1: Fly out, F3 (Line Drive, 3L) Lined into DP, U3 (Line Drive, 3L) | Batting: LHB Juan Vásquez | 0-0: Ball 1-0: Fly out, F4 (Line Drive, 4) | Bottom of the 8th over - 0 runs, 1 hit, 0 errors, 1 left on base; Penquannock 2 - Wilmington 9 | TOP OF THE 9TH |
---|
Penquannock Overrated Jeter batting - Pitching for Wilmington Rebels : LHP Nathan Armstrong | Now at 1B: Ernesto Gómez | | Batting: LHB Pepe González | 0-0: Ball 1-0: Called Strike 1-1: Foul Ball, location: 2F 1-2: Ball 2-2: Ball 3-2: Foul Ball, location: 2F 3-2: Foul Ball, location: 2F 3-2: Strikes out swinging | Batting: RHB Manny Perea | 0-0: Ball 1-0: Ball 2-0: Ball 3-0: Called Strike 3-1: Base on Balls | Batting: LHB Roberto Trujillo | 0-0: Ball 1-0: Ball 2-0: Ball 3-0: Base on Balls Manny Perea to second | Batting: RHB Phil Wright | 0-0: Ball 1-0: Ball 2-0: Grounds into double play, 5-4-3 (Groundball, 56) | Top of the 9th over - 0 runs, 0 hits, 0 errors, 1 left on base; Penquannock 2 - Wilmington 9 | |